 Dungeon Crawl Stone Soup version 0.31.0-11-ge490571c62 (webtiles) character file.

Game seed: 17787231030951668215

79 Arctor the Firebug (level 4, 0/24 HPs)
             Began as a Deep Elf Fire Elementalist on Feb 3, 2024.
             Incinerated by a bombardier beetle (4 damage)
             ... with a burning spray
             ... on level 3 of the Dungeon.
             The game lasted 00:01:31 (2586 turns).

Arctor the Firebug (Deep Elf Fire Elementalist)     Turns: 2586, Time: 00:01:32

Health: 0/24       AC:  2    Str:  5    XL:     4   Next: 17%
Magic:  4/11       EV: 13    Int: 22    God:
Gold:   71         SH:  0    Dex: 15    Spells: 4/10 levels left

rFire   . . .        (no weapon)
rCold   . . .        (no shield)
rNeg    . . .        a - +0 robe
rPois   +            (no helmet)
rElec   .            (no cloak)
rCorr   .            (no gloves)
SInv    .            (no boots)
Will    .....        (no amulet)
Stlth   +            h - ring of poison resistance
HPRegen 0.24/turn    (no ring)
MPRegen 0.12/turn

%: no passive effects
@: on fire, glowing
A: no striking features
a: no special abilities


You were on level 3 of the Dungeon.
You visited 1 branch of the dungeon, and saw 3 of its levels.

You collected 71 gold pieces.

Inventory:

Armour
 a - a +0 robe (worn)
Jewellery
 f - a ring of ice
 h - a ring of poison resistance (left hand)
Scrolls
 d - a scroll of fog {unknown}
 e - 4 scrolls of identify {unknown}
 k - a scroll of amnesia {unknown}
 l - a scroll of teleportation {unknown}
 m - a scroll of immolation {unknown}
Potions
 b - a potion of magic
 c - a potion of haste {unknown}
 g - a potion of mutation {unknown}
 i - 2 potions of curing {unknown}
 j - a potion of ambrosia {unknown}


   Skills:
 + Level 3.2 Dodging
 + Level 3.3 Stealth
 + Level 3.8 Spellcasting
 + Level 2.1 Conjurations
 + Level 3.8 Fire Magic


You had 4 spell levels left.
You knew the following spells:

 Your Spells              Type           Power      Damage    Failure   Level
a - Foxfire               Conj/Fire      68%        2x1d7     3%          1
b - Scorch                Fire           42%        2d6       3%          2
c - Volatile Blastmotes   Fire/Tloc      24%        2d12      16%         3

Your spell library contained the following spells:

 Spells                   Type           Power      Damage    Failure   Level
 Inner Flame              Hex/Fire       12%        N/A       16%         3
 Call Imp                 Summ           8%         N/A       17%         2
 Sublimation of Blood     Necr           4%         N/A       17%         2
 Flame Wave               Conj/Fire      17%        2d7       32%         4
 Summon Hydra             Summ           2%         N/A       100%        7


Dungeon Overview and Level Annotations

Branches:
Dungeon (3/15)

Altars:
Gozag
Makhleb
Okawaru

Shops:
D:2 (


Message History

You conjure some foxfire!
The liquid fire burns you!
Your foxfire dissipates!
The foxfire hits the bombardier beetle.
The bombardier beetle is moderately wounded.
You are on fire!
You are on fire!
You conjure some foxfire!
The liquid fire burns you!
The foxfire hits the bombardier beetle.
The bombardier beetle is moderately wounded.
You are on fire!
You conjure some foxfire!
The liquid fire burns you!
Your foxfire dissipates!
The foxfire hits the bombardier beetle.
The bombardier beetle is heavily wounded.
You are on fire!
You conjure some foxfire!
The liquid fire burns you!
The foxfire hits the bombardier beetle.
The bombardier beetle is severely wounded.
The bombardier beetle sprays incendiary fluid at you.
The burning spray hits you.
You are even more covered in liquid fire!
Your foxfire dissipates!
You are too injured to fight recklessly!
You are on fire!
You are too injured to fight recklessly!
You are on fire!
Unknown command.
The liquid fire burns you!
The foxfire hits the bombardier beetle but does no damage.
The bombardier beetle is severely wounded.
You shake off some of the fire as you move.
The liquid fire burns you!
* * * LOW HITPOINT WARNING * * *
You shake off some of the fire as you move.
The liquid fire burns you!
You die...

# ##### ####...# ..##.#.#
####.#.# ####.#)#########
.....#.##......###
######.#.........#
..........._.....#########
.......#........@........#
########.....⌠.._.+.......
.....# #........§.#.......
.###.###.#._....§##B......
.# #...........v§# ....##.
.#.#.####.......§. ....#
.#.#...^#.####....§..<.#
.............+......####
.#.#.##.##.###


There were no monsters in sight!

Vanquished Creatures
  3 adders (D:2)
  2 dart slugs
  3 ribbon worms (D:2)
  2 bats (D:2)
  6 endoplasms
  2 giant cockroaches (D:1)
  5 goblins
  5 hobgoblins
  2 kobolds
  A quokka (D:1)
  4 ball pythons (D:2)
  A frilled lizard (D:3)
  2 rats (D:2)
38 creatures vanquished.

Vanquished Creatures (collateral kills)
  3 foxfires (D:1)
3 creatures vanquished.

Vanquished Creatures (others)
  282 foxfires
282 creatures vanquished.

Grand Total: 323 creatures vanquished

Notes
Turn   | Place    | Note
-------+----------+-------------------------------------------
     0 | D:1      | Arctor the Deep Elf Fire Elementalist began the quest for
                  | the Orb.
     0 | D:1      | Reached XP level 1. HP: 10/10 MP: 6/6
   216 | D:1      | Reached XP level 2. HP: 15/15 MP: 5/8
   307 | D:1      | Learned a level 2 spell: Scorch
   445 | D:1      | Found a faded altar of an unknown god.
  1082 | D:2      | Found Ezia's Weapon Emporium.
  1154 | D:2      | Reached XP level 3. HP: 19/19 MP: 2/10
  1158 | D:2      | Learned a level 3 spell: Volatile Blastmotes
  1301 | D:2      | Found an opulent altar of Gozag.
  2039 | D:2      | Reached XP level 4. HP: 24/24 MP: 7/11
  2436 | D:3      | Found an opulent altar of Gozag.
  2545 | D:3      | Found a burning altar of Makhleb.
  2549 | D:3      | Found an iron altar of Okawaru.
  2586 | D:3      | Incinerated by a bombardier beetle

Illustrated notes

Levels and vault maps discovered:
D:1:      psy_arrival_heroes, layout_basic, dilly_ecumenical_altar_fadedgnrine
D:2:      layout_rooms, serial_shops, shop, basic_altar
D:3:      layout_basic, grunt_temple_overflow_open

Skill      XL: |  1  2  3 |
---------------+----------+-----
Stealth        | 3 |  3.3
Dodging        | 3 |  3.2
Conjurations   | 2 |  2.1
Spellcasting   | |  3.8
Fire Magic     | |  3.8

Action                     |  1- 3 |  4- 6 || total
---------------------------+-------+-------++-------
  Melee: Unarmed           |    14 |       ||    14
         Punch             |     1 |       ||     1
   Cast: Foxfire           |   139 |    36 ||   175
 Armour: Robe              |     6 |       ||     6
  Dodge: Dodged            |     9 |       ||     9
